PCL
SANTA MONICA BRUINS @ GRESHAM GOLD SOULS
08/05/2029
 
TOP OF THE 1ST
Santa Monica Bruins batting - Pitching for Gresham Gold Souls : LHP Francisco Nieto
Pitching: LHP Francisco Nieto
Batting: RHB Javier González 0-0: Ball
1-0: Ball
2-0: Called Strike
2-1: Ball
3-1: Called Strike
3-2: Base on Balls
Batting: RHB John Nelson 0-0: Ball
1-0: Ground out 3-1 (Groundball, 34S)
Javier González to second
Batting: RHB Jake Reeves 0-0: Ball
1-0: 2-RUN HOME RUN (Flyball, 7D), Distance : 369 ft
Batting: RHB Luis Martínez 0-0: Foul Ball, location: 2F
0-1: Foul Ball, location: 2F
0-2: Ball
1-2: Ball
2-2: Foul Ball, location: 2F
2-2: Foul Ball, location: 2F
2-2: SINGLE (Groundball, 6MD)
Batting: RHB Manny Copriviza 0-0: Foul Ball, location: 2F
0-1: Ball
1-1: Ball
2-1: Ball
3-1: Foul Ball, location: 2F
3-2: Base on Balls
Luis Martínez to second
Batting: RHB Pablo Peña 0-0: Called Strike
0-1: Ball
1-1: SINGLE (Groundball, 4MD)
Luis Martínez to third
Manny Copriviza to second
Batting: RHB Mario Rosales 0-0: SINGLE (Line Drive, 7S)
Luis Martínez scores
Manny Copriviza to third
Pablo Peña to second
Batting: RHB Ernest Russell 0-0: Called Strike
0-1: Ball
1-1: Ball
2-1: Foul Ball, location: 2F
2-2: Ball
3-2: SINGLE (Flyball, 89S)
Manny Copriviza scores
Pablo Peña to third
Mario Rosales to second
Batting: LHB Arthur MacDonald 0-0: Ball
1-0: Ball
2-0: Foul Ball, location: 2F
2-1: Ball
3-1: Called Strike
3-2: Strikes out swinging
Batting: RHB Javier González 0-0: Ball
1-0: Called Strike
1-1: GRAND SLAM HOME RUN (Flyball, 7D), Distance : 391 ft
Batting: RHB John Nelson 0-0: Called Strike
0-1: Ground out 4-3 (Groundball, 4)
Top of the 1st over - 8 runs, 6 hits, 0 errors, 0 left on base; Santa Monica 8 - Gresham 0
BOTTOM OF THE 1ST
Gresham Gold Souls batting - Pitching for Santa Monica Bruins : RHP Armand Calazzo
Pitching: RHP Armand Calazzo
Batting: LHB Joel Nelson 0-0: Ball
1-0: Called Strike
1-1: Ball
2-1: Ball
3-1: Base on Balls
Batting: LHB Bill Murphy 0-0: Ball
Joel Nelson steals 2nd base
1-0: Ball
2-0: Foul Ball, location: 2F
2-1: Foul Ball, location: 2F
2-2: Fly out, F7 (Flyball, 7)
Batting: LHB Alberto Varela 0-0: Swinging Strike
0-1: Ball
1-1: Called Strike
Joel Nelson steals 3rd base
1-2: Ball
2-2: Strikes out swinging
Batting: LHB Millard Dye 0-0: Ball
1-0: Swinging Strike
1-1: Ball
2-1: Ball
3-1: Base on Balls
Batting: LHB Ezechiele Bruno 0-0: Ball
1-0: Foul Ball, location: 2F
1-1: Ball
2-1: Ball
3-1: SINGLE (Line Drive, 9LS)
Joel Nelson scores
Millard Dye to second
Runner from 2nd tries for 3rd, SAFE, no throw
Batting: SHB Todd Smith 0-0: Ball
1-0: Foul Ball, location: 2F
1-1: Ball
2-1: Fielders Choice at 2nd, 6-4 (Groundball, 6)
Bottom of the 1st over - 1 run, 1 hit, 0 errors, 2 left on base; Santa Monica 8 - Gresham 1
TOP OF THE 2ND
Santa Monica Bruins batting - Pitching for Gresham Gold Souls : LHP Francisco Nieto
Batting: RHB Jake Reeves 0-0: Ball
1-0: SINGLE (Groundball, 4MD)
Batting: RHB Luis Martínez 0-0: Ball
1-0: Swinging Strike
1-1: Foul Ball, location: 2F
1-2: Ball
2-2: Ball
3-2: Base on Balls
Jake Reeves to second
Batting: RHB Manny Copriviza 0-0: Called Strike
0-1: Foul Ball, location: 2F
0-2: Ball
1-2: 3-RUN HOME RUN (Flyball, 7LD), Distance : 361 ft
Batting: RHB Pablo Peña 0-0: Swinging Strike
0-1: Ball
1-1: Foul Ball, location: 2F
1-2: Ball
2-2: Foul Ball, location: 2F
2-2: Fly out, F5 (Line Drive, 5)
Batting: RHB Mario Rosales 0-0: Called Strike
0-1: Ground out 5-3 (Groundball, 56)
Batting: RHB Ernest Russell 0-0: Ball
1-0: Ball
2-0: Ball
3-0: Base on Balls
Batting: LHB Arthur MacDonald 0-0: Called Strike
0-1: Ball
1-1: Fly out, F9 (Flyball, 89S)
Top of the 2nd over - 3 runs, 2 hits, 0 errors, 1 left on base; Santa Monica 11 - Gresham 1
BOTTOM OF THE 2ND
Gresham Gold Souls batting - Pitching for Santa Monica Bruins : RHP Armand Calazzo
Batting: RHB Jaime Rodríguez 0-0: Ball
1-0: Ball
2-0: Ball
3-0: Called Strike
3-1: Base on Balls
Batting: RHB Augusto Baiano 0-0: Called Strike
0-1: Called Strike
0-2: Ball
1-2: Foul Ball, location: 2F
1-2: Foul Ball, location: 2F
1-2: Ball
2-2: Strikes out swinging
Batting: RHB Adam Thomas 0-0: Ball
1-0: Foul Ball, location: 2F
1-1: Ball
2-1: Foul Ball, location: 2F
2-2: Ball
3-2: Grounds into double play, 4-6-3 (Groundball, 4M)
Bottom of the 2nd over - 0 runs, 0 hits, 0 errors, 0 left on base; Santa Monica 11 - Gresham 1
TOP OF THE 3RD
Santa Monica Bruins batting - Pitching for Gresham Gold Souls : LHP Francisco Nieto
Batting: RHB Javier González 0-0: Foul Ball, location: 2F
0-1: SINGLE (Flyball, 9LS)
Batting: RHB John Nelson 0-0: Ball
1-0: Called Strike
1-1: Swinging Strike
1-2: Fielders Choice at 2nd, 5-4 (Groundball, 5)
Batting: RHB Jake Reeves 0-0: Called Strike
0-1: Ground out U3 (Groundball, 3S)
John Nelson to second
Batting: RHB Luis Martínez 0-0: Called Strike
0-1: Called Strike
0-2: Ball
1-2: Foul Ball, location: 2F
1-2: Ball
2-2: Ball
3-2: SINGLE (Line Drive, 56D)
John Nelson to third
John Nelson scores
Batting: RHB Manny Copriviza 0-0: Ball
1-0: Called Strike
1-1: Foul Ball, location: 2F
1-2: Ball
2-2: Foul Ball, location: 2F
2-2: Ball
3-2: Foul Ball, location: 2F
3-2: Foul Ball, location: 2F
3-2: Base on Balls
Luis Martínez to second
Batting: RHB Pablo Peña 0-0: Called Strike
0-1: Foul Ball, location: 2F
0-2: Ball
1-2: Ball
2-2: Strikes out looking
Top of the 3rd over - 1 run, 2 hits, 0 errors, 2 left on base; Santa Monica 12 - Gresham 1
BOTTOM OF THE 3RD
Gresham Gold Souls batting - Pitching for Santa Monica Bruins : RHP Armand Calazzo
Batting: LHB Joel Nelson 0-0: Called Strike
0-1: Ball
1-1: Ball
2-1: Swinging Strike
2-2: Ball
3-2: Base on Balls
Batting: LHB Bill Murphy 0-0: Called Strike
0-1: Grounds into double play, 4-6-3 (Groundball, 4)
Batting: LHB Alberto Varela 0-0: Ball
1-0: Called Strike
1-1: Swinging Strike
1-2: Ball
2-2: Ball
3-2: Base on Balls
Batting: LHB Millard Dye 0-0: Called Strike
0-1: Ball
1-1: Ball
Alberto Varela steals 2nd base
2-1: Fly out, F7 (Flyball, 7)
Bottom of the 3rd over - 0 runs, 0 hits, 0 errors, 1 left on base; Santa Monica 12 - Gresham 1
TOP OF THE 4TH
Santa Monica Bruins batting - Pitching for Gresham Gold Souls : LHP Francisco Nieto
Batting: RHB Mario Rosales 0-0: Ball
1-0: Fly out, F8 (Flyball, 89XD)
Batting: RHB Ernest Russell 0-0: Ball
1-0: Ball
2-0: Called Strike
2-1: Foul Ball, location: 2F
2-2: Foul Ball, location: 2F
2-2: Ball
3-2: Foul Ball, location: 2F
3-2: Reached on error, E4 (Groundball, 4S)
Pitching: RHP Jeff Hansen
Batting: LHB Arthur MacDonald 0-0: Ball
1-0: Foul Ball, location: 2F
1-1: Called Strike
Ernest Russell steals 2nd base
1-2: Foul Ball, location: 2F
1-2: Ball
2-2: Ground out 4-3 (Groundball, 4M)
Ernest Russell to third
Batting: RHB Javier González 0-0: Called Strike
0-1: Foul Ball, location: 2F
0-2: Foul Ball, location: 2F
0-2: SINGLE (Groundball, 6MD)
Ernest Russell scores
Batting: RHB John Nelson 0-0: Called Strike
0-1: Ball
1-1: Ball
2-1: Ball
3-1: Called Strike
3-2: Foul Ball, location: 2F
3-2: Foul Ball, location: 2F
3-2: Foul Ball, location: 2F
3-2: Base on Balls
Javier González to second
Batting: RHB Jake Reeves 0-0: Called Strike
0-1: Swinging Strike
0-2: Foul Ball, location: 2F
0-2: Foul Ball, location: 2F
0-2: Strikes out swinging
Top of the 4th over - 1 run, 1 hit, 1 error, 2 left on base; Santa Monica 13 - Gresham 1
BOTTOM OF THE 4TH
Gresham Gold Souls batting - Pitching for Santa Monica Bruins : RHP Armand Calazzo
Batting: LHB Ezechiele Bruno 0-0: Called Strike
0-1: Ball
1-1: Fly out, F7 (Line Drive, 7S)
Batting: SHB Todd Smith 0-0: Ball
1-0: Foul Ball, location: 2F
1-1: SINGLE (Flyball, 78S)
Batting: RHB Jaime Rodríguez 0-0: Called Strike
0-1: Swinging Strike
0-2: Ball
1-2: Fielders Choice at 2nd, 1-6 (Groundball, 13S)
Batting: RHB Augusto Baiano 0-0: Ball
1-0: Called Strike
1-1: Ground out U3 (Groundball, 3)
Bottom of the 4th over - 0 runs, 1 hit, 0 errors, 1 left on base; Santa Monica 13 - Gresham 1
TOP OF THE 5TH
Santa Monica Bruins batting - Pitching for Gresham Gold Souls : RHP Jeff Hansen
Batting: RHB Luis Martínez 0-0: Ball
1-0: Foul Ball, location: 2F
1-1: Ball
2-1: Foul Ball, location: 2F
2-2: Ball
3-2: Fly out, F5 (Popup, 5SF)
Batting: RHB Manny Copriviza 0-0: Ball
1-0: Foul Ball, location: 2F
1-1: Called Strike
1-2: Strikes out looking
Batting: RHB Pablo Peña 0-0: Called Strike
0-1: Swinging Strike
0-2: SINGLE (Groundball, 6M) (infield hit)
Batting: RHB Mario Rosales 0-0: Ball
1-0: Ball
2-0: Foul Ball, location: 2F
2-1: Ball
3-1: Fly out, F5 (Popup, 5DF)
Top of the 5th over - 0 runs, 1 hit, 0 errors, 1 left on base; Santa Monica 13 - Gresham 1
BOTTOM OF THE 5TH
Gresham Gold Souls batting - Pitching for Santa Monica Bruins : RHP Armand Calazzo
Batting: RHB Adam Thomas 0-0: Foul Ball, location: 2F
0-1: Ball
1-1: Ball
2-1: Ball
3-1: Fly out, F3 (Popup, 3SF)
Batting: LHB Joel Nelson 0-0: Ball
1-0: Swinging Strike
1-1: Swinging Strike
1-2: Strikes out swinging
Batting: LHB Bill Murphy 0-0: SINGLE (Groundball, 4MD)
Batting: LHB Alberto Varela 0-0: Ball
1-0: Ball
2-0: Called Strike
2-1: Ball
3-1: Base on Balls
Bill Murphy to second
Batting: LHB Millard Dye 0-0: Called Strike
0-1: Called Strike
0-2: Ball
1-2: Strikes out swinging
Bottom of the 5th over - 0 runs, 1 hit, 0 errors, 2 left on base; Santa Monica 13 - Gresham 1
TOP OF THE 6TH
Santa Monica Bruins batting - Pitching for Gresham Gold Souls : RHP Jeff Hansen
Batting: RHB Ernest Russell 0-0: Ball
1-0: Ball
2-0: Called Strike
2-1: Foul Ball, location: 2F
2-2: Ground out 5-3 (Groundball, 25)
Batting: LHB Arthur MacDonald 0-0: SINGLE (Groundball, 6D)
Batting: RHB Javier González 0-0: Ball
1-0: Called Strike
1-1: Swinging Strike
1-2: Foul Ball, location: 2F
1-2: Ball
2-2: Ball
3-2: Strikes out swinging
Batting: RHB John Nelson 0-0: Swinging Strike
0-1: Ball
1-1: Called Strike
1-2: Ball
2-2: Strikes out swinging
Top of the 6th over - 0 runs, 1 hit, 0 errors, 1 left on base; Santa Monica 13 - Gresham 1
BOTTOM OF THE 6TH
Gresham Gold Souls batting - Pitching for Santa Monica Bruins : RHP Armand Calazzo
Batting: LHB Ezechiele Bruno 0-0: Ball
1-0: Ball
2-0: Ball
3-0: Called Strike
3-1: Base on Balls
Batting: SHB Todd Smith 0-0: DOUBLE (Groundball, 3L)
Ezechiele Bruno to third
Batting: RHB Jaime Rodríguez 0-0: Fly out, F8 (Line Drive, 89XD)
Runner from 3rd tags up, SCORES, no throw
Batting: RHB Augusto Baiano 0-0: Ball
1-0: Called Strike
1-1: Foul Ball, location: 2F
1-2: Ball
2-2: Strikes out swinging
Pitching: RHP Cipriano Montáñez
Batting: RHB Adam Thomas 0-0: Called Strike
0-1: Ball
1-1: Foul Ball, location: 2F
1-2: Foul Ball, location: 2F
1-2: Ball
2-2: Foul Ball, location: 2F
2-2: DOUBLE (Groundball, 3L)
Todd Smith scores
Batting: LHB Joel Nelson 0-0: Swinging Strike
0-1: Called Strike
0-2: Ball
1-2: Ball
2-2: Strikes out swinging
Bottom of the 6th over - 2 runs, 2 hits, 0 errors, 1 left on base; Santa Monica 13 - Gresham 3
TOP OF THE 7TH
Santa Monica Bruins batting - Pitching for Gresham Gold Souls : RHP Jeff Hansen
Batting: RHB Jake Reeves 0-0: Ball
1-0: Ball
2-0: Called Strike
2-1: Ball
3-1: Base on Balls
Batting: RHB Luis Martínez 0-0: Ball
1-0: Ball
2-0: 2-RUN HOME RUN (Flyball, 7D), Distance : 383 ft
Batting: RHB Manny Copriviza 0-0: Ball
1-0: Swinging Strike
1-1: Called Strike
1-2: Ball
2-2: Ball
3-2: Ground out 4-3 (Groundball, 34)
Batting: RHB Pablo Peña 0-0: Ball
1-0: Ball
2-0: Called Strike
2-1: Foul Ball, location: 2F
2-2: Foul Ball, location: 2F
2-2: Ball
3-2: Ground out 5-3 (Groundball, 5)
Batting: RHB Mario Rosales 0-0: Ball
1-0: Ball
2-0: Ball
3-0: Called Strike
3-1: Base on Balls
Batting: RHB Ernest Russell 0-0: Called Strike
0-1: Called Strike
0-2: Ground out U3 (Groundball, 34S)
Top of the 7th over - 2 runs, 1 hit, 0 errors, 1 left on base; Santa Monica 15 - Gresham 3
BOTTOM OF THE 7TH
Gresham Gold Souls batting - Pitching for Santa Monica Bruins : RHP Cipriano Montáñez
Batting: LHB Bill Murphy 0-0: Called Strike
0-1: Called Strike
0-2: Ball
1-2: Ball
2-2: Foul Ball, location: 2F
2-2: Ball
3-2: Foul Ball, location: 2F
3-2: Base on Balls
Batting: LHB Alberto Varela 0-0: Called Strike
0-1: Foul Ball, location: 2F
0-2: Ball
1-2: Grounds out, U3 (Groundball, 3L)
Batting: LHB Millard Dye 0-0: Ball
1-0: Foul Ball, location: 2F
1-1: Foul Ball, location: 2F
1-2: Ground out 4-3 (Groundball, 4S)
Bill Murphy to third
Batting: LHB Ezechiele Bruno 0-0: Ball
1-0: Ball
2-0: Ground out 4-3 (Groundball, 6MS)
Bottom of the 7th over - 0 runs, 0 hits, 0 errors, 1 left on base; Santa Monica 15 - Gresham 3
TOP OF THE 8TH
Santa Monica Bruins batting - Pitching for Gresham Gold Souls : RHP Jeff Hansen
Batting: LHB Arthur MacDonald 0-0: Ball
1-0: Foul Ball, location: 2F
1-1: Fly out, F9 (Flyball, 89S)
Batting: RHB Javier González 0-0: Ball
1-0: Foul Ball, location: 2F
1-1: Reached on error, E8 (Flyball, 8RD)
Pitching: RHP Jamal Clayton
Batting: RHB John Nelson 0-0: Ball
1-0: Called Strike
1-1: Grounds into double play, 6-4-3 (Groundball, 6)
Top of the 8th over - 0 runs, 0 hits, 1 error, 0 left on base; Santa Monica 15 - Gresham 3
BOTTOM OF THE 8TH
Gresham Gold Souls batting - Pitching for Santa Monica Bruins : RHP Cipriano Montáñez
Batting: SHB Todd Smith 0-0: Ground out 6-3 (Groundball, 6M)
Batting: RHB Jaime Rodríguez 0-0: Ground out 6-3 (Groundball, 6)
Batting: RHB Augusto Baiano 0-0: Foul Ball, location: 2F
0-1: Swinging Strike
0-2: Foul Ball, location: 2F
0-2: Ball
1-2: Foul Ball, location: 2F
1-2: Ball
2-2: Ball
3-2: Base on Balls
Batting: RHB Adam Thomas 0-0: Ball
1-0: Called Strike
1-1: Ball
2-1: Fly out, F9 (Flyball, 9LS)
Bottom of the 8th over - 0 runs, 0 hits, 0 errors, 1 left on base; Santa Monica 15 - Gresham 3
TOP OF THE 9TH
Santa Monica Bruins batting - Pitching for Gresham Gold Souls : RHP Jamal Clayton
Batting: RHB Jake Reeves 0-0: Fly out, F6 (Popup, 6MS)
Batting: RHB Luis Martínez 0-0: Fly out, F7 (Flyball, 7S)
Batting: RHB Manny Copriviza 0-0: Called Strike
0-1: Ball
1-1: Ball
2-1: Foul Ball, location: 2F
2-2: Ball
3-2: Base on Balls
Batting: RHB Pablo Peña 0-0: Swinging Strike
0-1: Called Strike
0-2: Strikes out swinging
Top of the 9th over - 0 runs, 0 hits, 0 errors, 1 left on base; Santa Monica 15 - Gresham 3
BOTTOM OF THE 9TH
Gresham Gold Souls batting - Pitching for Santa Monica Bruins : RHP Cipriano Montáñez
Now at C: Dave King
Now at 1B: Fred Ameris
Now at SS: Matt O'Rourke
Batting: LHB Joel Nelson 0-0: Foul Ball, location: 2F
0-1: Hit by Pitch
Batting: LHB Bill Murphy 0-0: Fielders Choice at 2nd, 6-4 (Groundball, 6M)
Batting: LHB Alberto Varela 0-0: Ball
1-0: Ball
2-0: Ball
3-0: Swinging Strike
3-1: Called Strike
3-2: Foul Ball, location: 2F
3-2: Base on Balls
Bill Murphy to second
Pitching: RHP Manuel López
Batting: LHB Millard Dye 0-0: Ball
1-0: DOUBLE (Line Drive, 9LM)
Bill Murphy scores
Alberto Varela to third
Batting: LHB Ezechiele Bruno 0-0: Ground out 4-3 (Groundball, 4)
Alberto Varela scores
Millard Dye to third
Batting: SHB Todd Smith 0-0: Ball
1-0: Ball
2-0: Called Strike
2-1: Fly out, F5 (Popup, 25F)
Bottom of the 9th over - 2 runs, 1 hit, 0 errors, 1 left on base; Santa Monica 15 - Gresham 5
Saturday, December 16th, 2017 - OOTP Baseball 18.8 Build 76